 Dungeon Crawl Stone Soup version 0.28.0-53-g5a82cb258f (webtiles) character file.

Game seed: 12542104280715352831

65 acdeimund the Poker (level 4, -1/37 HPs)
             Began as a Merfolk Fighter on July 29, 2022.
             Slain by a gnoll
             ... wielding a +0 flail
              (8 damage)
             ... on level 1 of the Dungeon.
             The game lasted 00:01:49 (1115 turns).

acdeimund the Poker (Merfolk Fighter)               Turns: 1115, Time: 00:01:49

Health: -1/37      AC:  6    Str: 16    XL:     4   Next: 13%
Magic:  4/4        EV:  9    Int:  7    God:
Gold:   56         SH:  5    Dex: 15    Spells: 3/3 levels left

rFire   . . .      SeeInvis .   a - +0 trident
rCold   . . .      Faith    .   c - +0 buckler
rNeg    . . .      Spirit   .   b - +0 scale mail
rPois   .          Reflect  .   (no helmet)
rElec   .          Harm     .   (no cloak)
rCorr   .          Rampage  .   (no gloves)
Will    .....                   (no boots)
Stlth   ..........              (no amulet)
HPRegen 0.12/turn               (no ring)
MPRegen 0.09/turn               (no ring)

@: mighty
A: (nimble swimmer 2), mertail
a: no special abilities


You were on level 1 of the Dungeon.
You visited 1 branch of the dungeon, and saw 2 of its levels.

You collected 56 gold pieces.

Inventory:

Hand Weapons
 a - a +0 trident (weapon)
Armour
 b - a +0 scale mail (worn)
 c - a +0 buckler (worn)
Scrolls
 e - 3 scrolls of identify {unknown}
 f - a scroll of immolation {unknown}


   Skills:
 + Level 3.9 Fighting
 * Level 4.9 Polearms
 - Level 2.1 Armour
 + Level 2.2 Dodging
 - Level 3.0 Shields


You had 3 spell levels left.
You didn't know any spells.
Your spell library contained the following spells:

 Spells                   Type           Power      Damage    Failure   Level
 Summon Guardian Golem    Hex/Summ       0%         N/A       100%        3
 Tukima's Dance           Hex            0%         N/A       100%        3
 Anguish                  Hex/Necr       0%         N/A       100%        4
 Enfeeble                 Hex            0%         N/A       100%        7
 Orb of Destruction       Conj           0%         9d5       100%        7
 Spellforged Servitor     Conj/Summ      0%         N/A       100%        7


Dungeon Overview and Level Annotations

Branches:
Dungeon (2/15)

Altars:


Innate Abilities, Weirdness & Mutations

((You are very nimble when in or above water. (Stealth+, EV+, Speed+++)))
Your lower body shifts to a powerful aquatic tail in water.


Message History

The gnoll is moderately wounded.
The gnoll hits you with a +0 flail!
You puncture the gnoll!
The gnoll is almost dead.
The gnoll barely misses you.
A gnoll comes into view. It is wielding a +0 halberd.
The gnoll shouts!
You puncture the gnoll!
You kill the gnoll!
You have reached level 4!
You hit the gnoll but do no damage. You block the gnoll's attack.
You barely miss the gnoll. The gnoll barely misses you.
You hit the gnoll.
The gnoll is lightly wounded.
The gnoll closely misses you. The gnoll barely misses you.
You barely miss the gnoll.
The gnoll is lightly wounded.
The gnoll hits you but does no damage. x2
You barely miss the gnoll.
The gnoll is lightly wounded.
The gnoll barely misses you. The gnoll completely misses you.
You barely miss the gnoll.
The gnoll is lightly wounded.
The gnoll barely misses you. x2
You hit the gnoll.
The gnoll is moderately wounded.
The gnoll hits you with a +0 flail. The gnoll closely misses you.
The gnoll hits you with a +0 flail!
You hit the gnoll.
The gnoll is heavily wounded.
You block the gnoll's attack. The gnoll barely misses you.
Found a faded altar of an unknown god.
There is a stone staircase leading up here.
The gnoll hits you with a +0 flail!
* * * LOW HITPOINT WARNING * * *
You climb upwards.
There is a stone staircase leading down here.
You feel very mighty all of a sudden. The gnoll hits you with a +0 flail!
You die...

.......# #.........##.#
.#####.# #.######..##.#
## #.# #.# #.÷##)# # #.#
#.######..##.#
#.##########.##...÷.....#
#......................##
###########..######..#.#
# #g.# #..#.# ########
#@.# #..#.# .......#
#..######..#.# ######.#
##..........#.# #
#.########...######.##.#
#............# #.##.#
###############...#
#.##.#
#............######
#.##.# #.##########.#
#.##.# #.# #.# #.##.#####


You could see a gnoll.

Vanquished Creatures
  Terence (D:2)
  2 gnolls (D:2)
  A worm (D:2)
  A dart slug (D:1)
  An endoplasm (D:1)
  3 giant cockroaches (D:1)
  A quokka (D:1)
  A ball python (D:1)
  4 bats
  A frilled lizard (D:1)
  A goblin (D:1)
  A rat (D:1)
18 creatures vanquished.

Notes
Turn   | Place    | Note
-------+----------+-------------------------------------------
     0 | D:1      | acdeimund the Merfolk Fighter began the quest for the Orb.
     0 | D:1      | Reached XP level 1. HP: 18/18 MP: 1/1
   296 | D:1      | Reached XP level 2. HP: 21/24 MP: 2/2
   391 | D:1      | Reached skill level 1 in Dodging
   887 | D:2      | Noticed Terence
   896 | D:2      | Killed Terence
   897 | D:2      | Reached skill level 4 in Polearms
   897 | D:2      | Reached XP level 3. HP: 20/30 MP: 3/3
  1096 | D:2      | Reached XP level 4. HP: 26/37 MP: 4/4
  1109 | D:2      | Found a faded altar of an unknown god.
  1115 | D:1      | Slain by a gnoll

Illustrated notes

Levels and vault maps discovered:
D:1:      nzn_arrival_crosshair, layout_loops_ring, roderic_filled_cross
D:2:      layout_basic, chequers_ecumenical_altar_simple, uniq_terence

Skill      XL: |  1  2  3 |
---------------+----------+-----
Dodging        | 1 2 |  2.2
Polearms       | 4 |  4.9
Fighting       | |  3.9
Armour         | |  2.1
Shields        | |  3.0

Action                   |  1- 3 |  4- 6 || total
-------------------------+-------+-------++-------
Melee: Trident           |    61 |     8 ||    69
  Use: Potion            |       |     1 ||     1
Armor: Scale mail        |    17 |     2 ||    19
Dodge: Dodged            |    17 |     9 ||    26
Block: Buckler           |     7 |     2 ||     9
